Map: Dusk Towers

Players

LilDicky

  • Race: Terran Terran
  • League: Diamond

MASER - Winner!

  • Race: Terran Terran
  • League: Gold

VOD

http://www.twitch.tv/tumescentpie

Description

Time

  • Played on: Jan. 3, 2016, 4:50 a.m.
  • Length: 3:49
Show
View Real Time Build Order
Export as new Build Order

LilDicky Terran 

Build Orders: Command Center First (CC) 

Get SALT Encoding   

  12  0:05  SCV  
  13  0:20  SCV  
  14  0:28  Supply Depot  
  14  0:58  SCV  
  15  1:04  Command Center  
  15  1:10  SCV  
  16  1:22  SCV  
  17  1:43  SCV  
  18  1:53  Command Center  
  18  1:55  SCV  
  19  2:08  SCV  
  20  2:11  Barracks  
  20  2:16  SCV  
  20  2:20  SCV  
  22  2:28  SCV  
  23  2:32  SCV  
  24  2:40  SCV  
  25  3:20  Orbital Command  
  25  3:22  Orbital Command  
  25  3:23  Orbital Command  
  25  3:24  Marine  
  26  3:29  Barracks  
  26  3:33  Barracks  
Show
View Real Time Build Order
Export as new Build Order

MASER Terran - Winner!

Build Orders:  

Get SALT Encoding   

  12  0:01  SCV  
  13  0:13  SCV  
  14  0:18  Supply Depot  
  14  0:26  SCV  
  15  0:40  SCV  
  15  0:41  Barracks  
  16  0:52  SCV  
  17  1:04  SCV  
  18  1:16  SCV  
  19  1:27  Command Center  
  20  1:33  Marine  
  20  1:36  Supply Depot  
  20  1:43  Orbital Command  
  20  1:55  Refinery  
  20  1:56  Refinery, Marine  
  21  2:10  SCV  
  22  2:22  SCV  
  23  2:28  Marine  
  24  2:31  Barracks  
  24  2:34  SCV  
  25  2:39  Orbital Command  
  25  2:47  SCV  
  26  2:59  SCV, Marine  
  28  3:06  SCV  
  28  3:11  SCV  
  30  3:17  Marine  
  30  3:18  SCV, Factory, Marine  
  33  3:23  SCV  
  34  3:30  SCV  
  35  3:35  SCV  
Tags
 
Add a new tag
Caveats
  • Supply blocks, unpowered buildings, or Contaminate may cause inaccurate times.
  • Supply counts are checked every 10 seconds.